 Dungeon Crawl Stone Soup version 0.26.0-41-g79a4fc7684 (webtiles) character file.

Game seed: 18386438861444405223

110 H0rd4k the Magician (level 4, -12/24 HPs)
             Began as a Deep Elf Hedge Wizard on Jan 25, 2021.
             Shot with an arrow by a centaur (13 damage)
             ... on level 3 of the Dungeon on Jan 26, 2021.
             The game lasted 00:03:52 (3266 turns).

H0rd4k the Magician (Deep Elf Hedge Wizard)         Turns: 3266, Time: 00:03:52

Health: -12/24     AC:  2    Str:  7    XL:     4   Next: 61%
Magic:  12/13      EV: 13    Int: 20    God:
Gold:   149        SH:  0    Dex: 14    Spells: 5/14 levels left

rFire    . . .     SeeInvis .   u - +0 dagger (venom)
rCold    . . .     Faith    .   (no shield)
rNeg     . . .     Spirit   .   b - +0 robe
rPois    .         Reflect  .   c - +0 hat
rElec    .         Harm     .   (no cloak)
rCorr    +         Rampage  .   (no gloves)
Will     .....                  (no boots)
Stlth    ++........             (no amulet)
HPRegen  0.08/turn              f - ring of resist corrosion
MPRegen  0.13/turn              (no ring)

@: no status effects
A: no striking features
a: no special abilities


You were on level 3 of the Dungeon.
You visited 1 branch of the dungeon, and saw 3 of its levels.

You collected 149 gold pieces.

Inventory:

Hand Weapons
 a - a +0 dagger
 s - a +2 hunting sling of freezing
 u - a +0 dagger of venom (weapon)
Armour
 b - a +0 robe (worn)
 c - a +0 hat (worn)
Jewellery
 f - a ring of resist corrosion (left hand)
 k - a cursed amulet of magic regeneration {unknown}
 p - an uncursed ring of poison resistance {unknown}
Scrolls
 d - a scroll of blinking {unknown}
 j - a scroll of teleportation {unknown}
 m - 3 scrolls of remove curse {unknown}
 n - a scroll of identify {unknown}
 o - a scroll of fear {unknown}
 q - a scroll of random uselessness {unknown}
 r - a scroll of magic mapping {unknown}
 t - a scroll of enchant armour {unknown}
Potions
 e - a potion of flight {unknown}
 g - a potion of ambrosia {unknown}
 h - 2 potions of might {unknown}
 i - a potion of berserk rage {unknown}
 l - a potion of curing {unknown}


   Skills:
 + Level 2.8 Dodging
 + Level 2.6 Stealth
 + Level 5.7 Spellcasting
 + Level 2.5 Conjurations
 + Level 1.1 Summonings
 + Level 1.1 Translocations
 * Level 1.2 Fire Magic
 * Level 1.0 Air Magic
 * Level 1.1 Poison Magic


You had 5 spell levels left.
You knew the following spells:

 Your Spells              Type           Power        Failure   Level
a - Magic Dart            Conj           60%          3%          1
b - Blink                 Tloc           N/A          11%         2
c - Conjure Flame         Conj/Fire      13%          16%         3
d - Mephitic Cloud        Conj/Pois/Air  11%          17%         3

Your spell library contained the following spells:

 Spells                   Type           Power        Failure   Level
 Call Imp                 Summ           10%          11%         2
 Slow                     Hex            5%           16%         2


Dungeon Overview and Level Annotations

Branches:
Dungeon (3/15)

Altars:
Okawaru


Message History

a +0 club; a kobold corpse A centaur comes into view.
A centaur is nearby!
Casting: Magic Dart (safe; 3% risk of failure)
Confirm with . or Enter, or press ? or * to list all spells.
Aiming: Magic Dart (safe; 3% risk of failure)
Press: ? - help, Shift-Dir - straight line, f - centaur
Aim: a centaur, quivering 21 arrows (asleep, 0% to evade)
The magic dart hits the centaur.
The centaur is lightly wounded.
The centaur shouts!
The centaur wields a +0 shortbow.
The centaur shoots an arrow.
The arrow hits you!
The centaur shoots an arrow.
The arrow hits you!
Ouch! That really hurt!
* * * LOW HITPOINT WARNING * * *
You see here an arrow.
The centaur shoots an arrow.
The arrow hits you!
Ouch! That really hurt!
You die...

.≈.≈≈≈≈≈.....##.#
#.#
.≈PP≈≈≈PP....##.#
#.#
P≈P≈≈≈.P..#####.#
#.# ≈≈≈≈PP...##
#.# #.#
≈≈≈P≈≈≈.#######.#
#.#
≈≈P..≈..).......#
#.#
≈≈.....>........#
#.#
P...............#
#.#
P≈............@(#
#.#
...##....####.#(#
#.# .........#
#.#.# #.#
####.#...####.#.#
#.#
#.#.>......#.#
#.# #
#.#.######.# #.#
#.#.# #c# #.#
#.#.# ... #.#
#.#.# #.# #.#


You could see a centaur.

Vanquished Creatures
  3 adders (D:2)
  5 worms
  3 dart slugs (D:1)
  3 leopard geckos (D:2)
  7 bats
  A giant cockroach (D:2)
  10 goblins
  5 hobgoblins
  6 jackals
  2 frilled lizards
  8 kobolds
  5 rats
58 creatures vanquished.

Notes
Turn   | Place    | Note
-------+----------+-------------------------------------------
     0 | D:1      | H0rd4k the Deep Elf Hedge Wizard began the quest for the
                  | Orb.
     0 | D:1      | Reached XP level 1. HP: 10/10 MP: 7/7
   250 | D:1      | Reached XP level 2. HP: 15/15 MP: 3/9
   435 | D:1      | Reached skill level 5 in Spellcasting
  1356 | D:2      | Reached XP level 3. HP: 19/19 MP: 1/12
  1359 | D:2      | Learned a level 2 spell: Blink
  1363 | D:2      | Learned a level 3 spell: Conjure Flame
  1367 | D:2      | Learned a level 3 spell: Mephitic Cloud
  1480 | D:2      | Reached skill level 1 in Fire Magic
  1984 | D:2      | Reached XP level 4. HP: 24/24 MP: 9/13
  2070 | D:2      | Upgraded the game from 0.26.0-20-g3ca415f5b8 to
                  | 0.26.0-41-g79a4fc7684
  2596 | D:2      | Reached skill level 1 in Air Magic
  2840 | D:2      | Found an iron altar of Okawaru.
  3029 | D:3      | Reached skill level 1 in Poison Magic
  3263 | D:3      | Noticed a centaur
  3265 | D:3      | HP: 1/24 [centaur/arrow (12)]
  3266 | D:3      | Shot with an arrow by a centaur

Illustrated notes

Levels and vault maps discovered:
D:1:      psy_arrival_radial02, layout_loops_ring, minmay_misc_feat_alley
D:2:      kennysheep_six_static_rooms, layout_rooms, marbit_many_paths,
          kennysheep_nondescript, st_stairs_9, serial_bayou_pond_c,
          minmay_goblin_kobold_house
D:3:      layout_basic, nrook_mini_vaults, chequers_big_river

Skill      XL: |  1  2  3  4 |
---------------+-------------+-----
Spellcasting   | 5 |  5.7
Conjurations   | 2 |  2.5
Fire Magic     | 1 |  1.2
Air Magic      | 1 |  1.0
Poison Magic   | 1 |  1.1
Dodging        | |  2.8
Stealth        | |  2.6
Summonings     | |  1.1
Translocations | |  1.1

Action                   |  1- 3 |  4- 6 || total
-------------------------+-------+-------++-------
 Cast: Magic Dart        |   121 |    80 ||   201
Armor: Robe              |     6 |     4 ||    10
Dodge: Dodged            |    14 |    16 ||    30
